Map: Habitation Station LE (Void)

Players

Rusher

  • Race: Terran Terran
  • League: Gold
  • Spawn Location: 1:00

Fropez - Winner!

  • Race: Protoss Protoss
  • League: Gold
  • Spawn Location: 11:00

VOD

Have the link to the VOD?

Description

Time

  • Played on: Jan. 2, 2017, 10:23 a.m.
  • Length: 8:55
Show
View Real Time Build Order
Export as new Build Order

Rusher Terran 

Build Orders: MMM Bio 

Get SALT Encoding   

  12  0:01  SCV  
  13  0:13  SCV  
  14  0:22  Supply Depot  
  14  0:25  SCV  
  15  0:43  SCV  
  15  0:45  Barracks  
  16  0:55  SCV  
  16  0:56  Refinery  
  17  1:02  Engineering Bay  
  17  1:07  SCV  
  18  1:13  Refinery  
  18  1:40  SCV  
  18  1:44  Supply Depot  
  18  1:46  Reaper  
  20  1:52  SCV  
  21  1:59  Barracks  
  21  2:00  Supply Depot  
  21  2:11  Factory  
  21  2:18  Marine  
  21  3:02  Factory Tech Lab, Barracks Tech Lab  
  21  3:06  Starport, Barracks Tech Lab  
  21  3:19  Command Center  
  21  3:25  Siege Tank  
  24  3:29  Marine  
  25  3:41  Marine  
  25  3:47  Marine  
  26  4:05  Starport Reactor  
  26  4:07  Marauder x2  
  26  4:09  Stimpack, Combat Shields  
  30  4:17  Orbital Command  
  30  4:22  Siege Tank  
  33  4:57  Command Center  
  33  5:12  Medivac x2  
  37  5:15  Marine x2  
  36  5:46  Marauder  
  38  5:56  Supply Depot  
  38  6:08  Siege Tank, Marauder  
  42  6:44  SCV  
  43  6:56  SCV  
  44  7:04  SCV  
  45  7:08  SCV  
  46  7:16  SCV  
  46  7:20  SCV  
  48  7:28  SCV  
  49  7:30  Concussive Shells  
  49  7:32  SCV  
  50  7:40  SCV  
  50  7:42  Engineering Bay  
  51  7:45  SCV  
  45  8:06  Siege Tank  
  48  8:17  Marauder x2  
  52  8:21  Viking  
  54  8:27  Barracks  
Show
View Real Time Build Order
Export as new Build Order

Fropez Protoss - Winner!

Build Orders:  

Get SALT Encoding   

  12  0:00  Probe (Chrono Boost)  
  13  0:11  Probe (Chrono Boost)  
  14  0:22  Pylon  
  14  0:23  Probe (Chrono Boost)  
  15  0:40  Probe (Chrono Boost)  
  15  0:42  Gateway  
  16  0:50  Probe (Chrono Boost)  
  17  1:00  Assimilator  
  17  1:01  Probe (Chrono Boost)  
  18  1:11  Probe (Chrono Boost)  
  19  1:22  Probe (Chrono Boost)  
  20  1:27  Zealot  
  20  1:31  Gateway  
  22  1:38  Cybernetics Core  
  23  1:48  Probe (Chrono Boost)  
  23  1:56  Assimilator  
  23  2:06  Pylon  
  23  2:08  Pylon  
  22  2:21  Zealot  
  22  2:22  Warp Gate  
  22  2:24  Adept  
  22  2:27  Mothership Core (Chrono Boost)  
  28  2:44  Adept  
  30  3:00  Probe (Chrono Boost)  
  30  3:01  Nexus  
  31  3:12  Probe (Chrono Boost)  
  32  3:24  Probe (Chrono Boost)  
  33  3:30  Robotics Facility  
  33  3:36  Probe (Chrono Boost)  
  34  4:01  Probe (Chrono Boost)  
  35  4:06  Assimilator  
  35  4:12  Pylon  
  35  4:13  Probe (Chrono Boost)  
  35  4:15  Warp Prism  
  40  4:25  Probe x2 (Chrono Boost)  
  40  4:30  Pylon  
  40  4:37  Probe (Chrono Boost)  
  42  4:40  Probe (Chrono Boost)  
  42  4:44  Adept  
  44  4:46  Immortal  
  44  4:47  Adept  
  50  4:58  Probe (Chrono Boost)  
  50  4:59  Probe (Chrono Boost)  
  48  5:10  Probe (Chrono Boost)  
  41  5:47  Adept x2  
  41  5:49  Probe (Chrono Boost)  
  47  5:50  Probe (Chrono Boost)  
  47  5:54  Gateway  
  47  5:55  Gateway  
  47  5:56  Assimilator  
  47  6:01  Probe (Chrono Boost)  
  47  6:02  Probe (Chrono Boost)  
  49  6:08  Adept x2  
  53  6:39  Immortal  
  53  6:43  Adept x2  
  62  6:48  Probe (Chrono Boost)  
  62  6:50  Forge  
  62  6:55  Gateway  
  64  7:01  Probe x2 (Chrono Boost)  
  64  7:08  Adept x2  
  64  7:09  Adept  
  64  7:15  Nexus  
  70  7:19  Pylon  
  70  7:23  Pylon  
  70  7:39  Probe (Chrono Boost)  
  71  8:03  Adept x4  
Tags
 
Composition
MMM Bio
League
GoldGold
Matchup
PvT
Replay Pack
All Mines
Spawn Locations
Close Positions
Add a new tag
Caveats
  • Supply blocks, unpowered buildings, or Contaminate may cause inaccurate times.
  • Supply counts are checked every 10 seconds.